 Dungeon Crawl Stone Soup version 0.25.1-2-g60ff931df9 (webtiles) character file.

Game seed: 6810407029537073580

49124 H0rd4k the Eclecticist (level 14, -5/68 HPs)
             Began as a Deep Elf Wizard on Oct 22, 2020.
             Was an Initiate of Gozag.
             Slain by a warg (10 damage)
             ... led by an orc high priest
             ... on level 1 of the Orcish Mines on Oct 26, 2020.
             The game lasted 01:36:07 (28723 turns).

H0rd4k the Eclecticist (Deep Elf Wizard)           Turns: 28723, Time: 01:36:09

Health: -5/68      AC: 10    Str:  4    XL:     14   Next: 14%
Magic:  28/48      EV: 15    Int: 35    God:    Gozag
Gold:   1044       SH:  0    Dex: 10    Spells: 20/51 levels left

rFire    + . .     SeeInvis +   W - staff of wizardry
rCold    + . .     Gourm    .   (no shield)
rNeg     . . .     Faith    .   S - +1 robe of the Stallion {MR+}
rPois    +         Spirit   .   O - +0 hat "Kaiggum" {Harm rCorr Dex-3 SInv}
rElec    +         Reflect  .   U - +0 cloak "Reoxt" {Harm rElec rPois MP+9}
rCorr    +         Harm     +   M - +2 pair of gloves "Kuepugao" {rC+ Regen+}
MR       ++...                  m - +2 pair of boots {run}
Stlth    +++.......             (no amulet)
HPRegen  0.61/turn              L - ring "Omamnas" {+Fly rElec rF+ Slay-4 SInv}
MPRegen  0.31/turn              B - +6 ring of intelligence

@: gold aura, studying Evocations, quick
A: no striking features
a: Potion Petition, Call Merchant, Bribe Branch, Renounce Religion, Evoke Flight


You were on level 1 of the Orcish Mines.
You worshipped Gozag.
Gozag was most pleased with you.
You were not hungry.

You visited 3 branches of the dungeon, and saw 20 of its levels.
You also visited: Sewer and Gauntlet.

You collected 6108 gold pieces.
You spent 2905 gold pieces at shops.
You paid 2159 gold pieces to Gozag.

Inventory:

Missiles
 c - 5 silver boomerangs (quivered)
 y - 22 poisoned darts
 I - 2 boomerangs of dispersal
 P - 9 curare-tipped darts
Armour
 m - a +2 pair of boots of running (worn)
 M - the +2 pair of gloves "Kuepugao" (worn) {rC+ Regen+}
   (You found it in a Gauntlet)

   It protects you from cold.
   It increases your rate of regeneration.
 O - the +0 hat "Kaiggum" (worn) {Harm rCorr Dex-3 SInv}
   (You bought it in a shop on level 10 of the Dungeon)

   It affects your dexterity (-3).
   It lets you see invisible.
   It provides partial protection from all sources of acid and corrosion.
   It increases damage dealt and taken.
 Q - a +0 pair of boots of flying
 S - the +1 robe of the Stallion (worn) {MR+}
   (You took it off an orc on level 11 of the Dungeon)

   It affects your resistance to hostile enchantments.
 U - the +0 cloak "Reoxt" (worn) {Harm rElec rPois MP+9}
   (You bought it in a shop on level 11 of the Dungeon)

   It insulates you from electricity.
   It protects you from poison.
   It affects your magic capacity (+9).
   It increases damage dealt and taken.
Magical Staves
 i - an uncursed staff of poison
 H - an uncursed staff of fire
 W - an uncursed staff of wizardry (weapon)
Jewellery
 B - a +6 ring of intelligence (right hand)
 L - the ring "Omamnas" (left hand) {+Fly rElec rF+ Slay-4 SInv}
   (You found it in a Gauntlet)

   [ring of flight]

   It affects your accuracy and damage with ranged weapons and melee attacks
   (-4).
   It protects you from fire.
   It insulates you from electricity.
   It lets you see invisible.
   It lets you fly.
Wands
 b - a wand of polymorph (7)
 e - a wand of paralysis (6)
 s - a wand of iceblast (9)
 E - a wand of digging (5)
 G - a wand of clouds (4)
 X - a wand of flame (10)
Scrolls
 a - a scroll of brand weapon
 f - 8 scrolls of teleportation
 k - 5 scrolls of remove curse
 l - a scroll of blinking
 n - 2 scrolls of enchant armour
 o - 7 scrolls of amnesia
 p - 5 scrolls of magic mapping
 r - 2 scrolls of summoning
 u - a scroll of silence
 w - 6 scrolls of enchant weapon
 N - a scroll of fear
Potions
 g - 2 potions of berserk rage
 h - 4 potions of ambrosia
 j - 3 potions of stabbing
 q - 2 potions of might
 t - 2 potions of haste
 v - a potion of degeneration
 x - a potion of magic
 z - 3 potions of heal wounds
 C - 5 potions of curing
 D - 4 potions of brilliance
 R - a potion of resistance
Books
 A - a manual of Evocations
Miscellaneous
 F - a phantom mirror
 K - a box of beasts
Comestibles
 d - 17 rations


   Skills:
 + Level 6.9 Dodging
 + Level 5.6 Stealth
 + Level 19.3 Spellcasting
 + Level 13.9 Conjurations
 + Level 4.2 Charms
   Level 1.1 Summonings
 + Level 6.8 Translocations
 + Level 9.3 Fire Magic
 + Level 2.9 Air Magic
 * Level 0.3 Earth Magic
 + Level 3.7 Poison Magic
 + Level 4.8 Evocations


You had 20 spell levels left.
You knew the following spells:

 Your Spells              Type           Power        Failure   Level  Hunger
a - Magic Dart            Conj           ####         0%          1    None
b - Blink                 Tloc           N/A          1%          2    None
c - Conjure Flame         Conj/Fire      #######.     1%          3    None
d - Mephitic Cloud        Conj/Pois/Air  ######..     1%          3    None
e - Swiftness             Chrm/Air       ######..     1%          2    None
f - Passage of Golubria   Tloc           N/A          1%          4    None
g - Fireball              Conj/Fire      #######...   1%          5    None
h - Iskenderun's Battles  Conj/Chrm      #######.     1%          5    None
i - Iron Shot             Conj/Erth      ######....   3%          6    None

Your spell library contained the following spells:

 Spells                   Type           Power        Failure   Level  Hunger
 Searing Ray              Conj           ######       0%          2    None
 Animate Skeleton         Necr           N/A          1%          1    None
 Beastly Appendage        Tmut           ####..       1%          1    None
 Pain                     Necr           ####         1%          1    None
 Shock                    Conj/Air       ####         1%          1    None
 Summon Butterflies       Summ           #####...     1%          1    None
 Summon Small Mammal      Summ           ####         1%          1    None
 Call Imp                 Summ           #####...     1%          2    None
 Passwall                 Tmut/Erth      ####....     1%          2    None
 Slow                     Hex            ####....     1%          2    None
 Sticks to Snakes         Tmut           ####....     1%          2    None
 Sublimation of Blood     Necr           ####......   1%          2    None
 Spider Form              Tmut/Pois      #####.....   1%          3    None
 Vampiric Draining        Necr           ####......   1%          3    None
 Bolt of Magma            Conj/Fire/Erth ######....   1%          5    None
 Irradiate                Conj/Tmut      ######....   1%          5    None
 Orb of Destruction       Conj           #######...   1%          7    ##.....
 Animate Dead             Necr           N/A          4%          4    None
 Ice Form                 Ice/Tmut       ####....     4%          4    None
 Lee's Rapid Deconstruct  Erth           #####.....   10%         5    None
 Agony                    Necr           ####....     11%         5    None
 Blade Hands              Tmut           ####......   11%         5    None
 Spellforged Servitor     Conj/Summ      ######....   16%         7    ##.....
 Darkness                 Hex            ####......   50%         6    None
 Invisibility             Hex            ####....     50%         6    None
 Summon Hydra             Summ           #####.....   87%         7    ##.....
 Dragon's Call            Summ           #####.....   100%        9    ######.


Dungeon Overview and Level Annotations

Branches:
Dungeon (13/15)            Temple (0/1) D:4            Lair (6/6) D:9
 Shoals (0/4) Lair:3        Snake (0/4) Lair:4        Slime (0/5) Lair:5
    Orc (1/2) D:11          Sewer (visited)         Gauntlet (visited)
 Vaults: D:13-14

Altars:
Cheibriados
Dithmenos
Gozag
Makhleb
Trog
Vehumet
Wu Jian
Yredelemnul
Zin
Jiyva

Shops:
D:9 *   D:10 [   D:11 :?}[   Orc:1 =

Portals:
Hell: Lair:6

Annotations:
D:13 Frances


Message History

Confirm with . or Enter, or press ? or * to list all spells.
You blink.
A warg comes into view.
The orc warrior hits you from afar with a +0 halberd!!!
Ouch! That really hurt!
An orc high priest comes into view. It is wielding a +0 long sword.
An orc warrior comes into view. It is wielding a +0 mace.
An orc wizard comes into view. It is wielding a +0 dagger.
An orc high priest comes into view. It is wielding a +0 long sword.
The troll bites you!
* * * LOW HITPOINT WARNING * * *
The troll completely misses you. The troll misses you.
An orc wizard comes into view. It is wielding a +0 dagger.
Casting: Blink (safe; 1% risk of failure)
Confirm with . or Enter, or press ? or * to list all spells.
You blink. 2 orcs come into view.
The warg bites you!
You die...
Your body crumbles into a pile of gold.

...# .#.## ##...
....... ...# #.....
....... #..##......
....... #..........
.......##.........#
.........o..$..#.##
.......o§§T§......#
$
..o...hoo##........
..o..o.@..#..∩.....$
..oh$..............
....O...........#.#
#......O.........#.
.###.....$..#......
##.o.o#.........
$..o.#o..#..
..........#.


You could see an orc knight, 2 orc high priests, a troll, 2 wargs, 3 orc
warriors, 2 ogres, 3 orc wizards and 3 orcs.

Vanquished Creatures
  Rupert (Lair:3)
  An entropy weaver (Gauntlet)
  A minotaur (Gauntlet)
  Sonja (D:10)
  3 hydras
  Urug (D:10)
  5 sixfirhies
  A wizard (Lair:6)
  4 oklob plants (Lair:5)
  Pikel (D:6)
  An orc sorcerer (Orc:1)
  A cyclops (D:10)
  Joseph (D:9)
  7 elephants (Lair:6)
  A merfolk siren (Lair:3)
  8 black mambas
  An orange demon (Lair:6)
  A smoke demon (Lair:6)
  A torpor snail (Lair:2)
  5 komodo dragons
  9 spiny frogs
  A kobold demonologist (D:11)
  4 ice devils (Lair:6)
  6 rime drakes
  A red devil (Lair:6)
  A troll (D:9)
  2 polar bears
  The ghost of Gaxx the Chopper, an amateur DsGl of Okawaru (D:5)
  A hornet (D:10)
  Grinder (D:6)
  7 hippogriffs
  17 blink frogs
  Prince Ribbit (D:6)
  A redback (Gauntlet)
  Eustachio (D:6)
  28 yaks
  2 spriggans
  A basilisk (D:9)
  2 chaos spawn (D:13)
  Menkaure (D:4)
  16 water moccasins
  4 hell hounds
  8 porcupines
  Duvessa (D:7)
  2 orc warriors
  A black bear (Lair:2)
  3 sky beasts
  4 ice beasts
  A phantom (D:9)
  2 ogres
  16 wolves
  2 centaurs
  17 crocodiles
  4 big kobolds
  9 bullfrogs
  Dowan (D:7)
  3 scorpions
  A water moccasin skeleton (D:7)
  14 wights
  20 killer bees
  2 electric eels
  8 howler monkeys
  9 crimson imps
  A bullfrog skeleton (D:9)
  2 bullfrog zombies
  A centaur skeleton (D:4)
  3 hounds
  3 jellies
  2 orc priests
  A gnoll shaman (D:8)
  8 orc wizards
  4 iguanas
  6 worker ants
  A hound zombie (D:7)
  3 hound skeletons
  A howler monkey zombie (D:8)
  7 gnolls
  13 adders
  3 shadow imps
  An ooze (D:1)
  2 adder skeletons
  An adder zombie (D:8)
  4 worms
  3 dart slugs (D:1)
  6 leopard geckos
  47 orcs
  5 giant cockroaches
  8 goblins
  10 hobgoblins
  9 jackals
  7 quokkas
  8 ball pythons
  9 bats
  7 frilled lizards
  22 kobolds
  A leopard gecko skeleton (D:8)
  A quokka skeleton (D:6)
  A quokka zombie (D:6)
  9 rats
  2 bushes (Lair:4)
  2 fungi
  5 plants
511 creatures vanquished.

Vanquished Creatures (collateral kills)
  Harold (D:8)
  A centaur skeleton (D:11)
  A troll (D:10)
  A bullfrog (D:8)
  An orc priest (D:8)
  A gnoll (D:8)
  An orc (D:8)
  A giant cockroach (D:8)
8 creatures vanquished.

Vanquished Creatures (others)
  An orc warrior (D:11)
  2 slaves (D:6)
  A howler monkey (D:10)
  An orc priest (D:6)
  4 gnolls
  An adder (D:6)
  An orc (D:6)
  3 bushes
  38 fungi
  39 plants
  5 toadstools (D:1)
  3 withered plants (Gauntlet)
99 creatures vanquished.

Grand Total: 618 creatures vanquished

Notes
Turn   | Place    | Note
-------+----------+-------------------------------------------
     0 | D:1      | H0rd4k the Deep Elf Wizard began the quest for the Orb.
     0 | D:1      | Reached XP level 1. HP: 10/10 MP: 7/7
   172 | D:1      | Reached skill level 5 in Spellcasting
   214 | D:1      | Reached XP level 2. HP: 15/15 MP: 2/10
   823 | D:1      | Reached XP level 3. HP: 19/19 MP: 4/12
  1363 | D:2      | Reached skill level 6 in Spellcasting
  1377 | D:2      | Found an ornate altar of the Wu Jian Council.
  1696 | D:2      | Reached XP level 4. HP: 19/24 MP: 7/14
  1886 | D:2      | Learned a level 2 spell: Blink
  1890 | D:2      | Learned a level 3 spell: Conjure Flame
  1894 | D:2      | Learned a level 3 spell: Mephitic Cloud
  2496 | D:3      | Found an opulent altar of Gozag.
  2590 | D:3      | Became a worshipper of Gozag Ym Sagoz the Greedy
  2818 | D:3      | Reached skill level 1 in Air Magic
  3225 | D:3      | Reached XP level 5. HP: 28/28 MP: 12/15
  3540 | D:4      | Found a bloodstained altar of Trog.
  3699 | D:4      | Noticed Menkaure
  3761 | D:4      | Reached skill level 1 in Fire Magic
  3761 | D:4      | Reached skill level 1 in Poison Magic
  3856 | D:4      | Found a transporter.
  3862 | D:4      | Found a staircase to the Ecumenical Temple.
  3933 | D:4      | Found a transporter.
  3935 | D:4      | Noticed an ice beast
  4177 | D:5      | Entered Level 5 of the Dungeon
  4177 | D:5      | Found a runed translucent gate.
  4177 | D:5      | Found a runed translucent gate.
  4177 | D:5      | Found a runed translucent gate.
  4177 | D:5      | Noticed Gaxx's ghost (amateur DsGl)
  4315 | D:5      | Noticed a sky beast
  4461 | D:5      | Found a radiant altar of Vehumet.
  4557 | D:5      | Reached skill level 7 in Spellcasting
  4557 | D:5      | Reached XP level 6. HP: 32/32 MP: 3/18
  5300 | D:5      | Killed a sky beast
  5300 | D:5      | Reached XP level 7. HP: 31/36 MP: 7/20
  5642 | D:6      | Found a glowing drain.
  5656 | D:5      | Reached skill level 8 in Spellcasting
  5688 | Sewer    | Entered a sewer
  6420 | D:6      | Reached skill level 5 in Conjurations
  6545 | D:6      | Reached skill level 9 in Spellcasting
  6684 | D:6      | Reached XP level 8. HP: 41/41 MP: 14/23
  6754 | D:6      | Reached skill level 1 in Evocations
  6877 | D:6      | Noticed Pikel
  6885 | D:6      | Killed Pikel
  6885 | D:6      | Reached skill level 10 in Spellcasting
  7298 | D:6      | Noticed Grinder
  7310 | D:6      | Killed Grinder
  7516 | D:6      | Noticed Prince Ribbit
  7671 | D:6      | Noticed Eustachio
  7715 | D:6      | Killed Eustachio
  7808 | D:6      | Found a snail-covered altar of Cheibriados.
  8179 | D:7      | Found a glowing silver altar of Zin.
  8266 | D:7      | Reached skill level 11 in Spellcasting
  8315 | D:7      | Reached XP level 9. HP: 35/45 MP: 18/26
  8977 | D:7      | Noticed Dowan
  8979 | D:7      | Noticed Duvessa
  8988 | D:7      | Killed Duvessa
  8995 | D:7      | Killed Dowan
  9905 | D:7      | Reached skill level 12 in Spellcasting
 10450 | D:8      | Noticed Harold
 10621 | D:8      | Killed Harold
 10630 | D:8      | Reached XP level 10. HP: 28/50 MP: 16/28
 10653 | D:8      | Reached skill level 13 in Spellcasting
 10910 | D:8      | You fall into a shaft and drop 1 floor!
 11295 | D:8      | Found a basalt altar of Yredelemnul.
 11877 | D:9      | Noticed Joseph
 11896 | D:9      | Killed Joseph
 11896 | D:9      | Reached skill level 10 in Conjurations
 12782 | D:9      | Reached skill level 14 in Spellcasting
 12854 | D:9      | Found a staircase to the Lair.
 13057 | D:9      | Found Pakommu's Assorted Antiques.
 13135 | D:9      | Bought a smoking cloak for 247 gold pieces
 13135 | D:9      | Bought a scroll labeled XETHOA TOCLOCU for 26 gold pieces
 13135 | D:9      | Bought a scroll labeled XUFUTZ XE VIM for 26 gold pieces
 13135 | D:9      | Bought a scroll of identify for 52 gold pieces
 13140 | D:9      | Identified the +2 cloak of the Cicada {rElec Str+4 Int-5}
                  | (You bought it in a shop on level 9 of the Dungeon)
 13401 | D:9      | Found a shadowy altar of Dithmenos.
 13685 | D:10     | Entered Level 10 of the Dungeon
 14373 | D:10     | Found Vecimy's Antique Armour Boutique.
 14379 | D:10     | Bought a distressingly furry hat for 333 gold pieces
 14454 | D:10     | Reached XP level 11. HP: 32/54 MP: 6/31
 14823 | D:10     | Reached skill level 5 in Dodging
 15669 | D:11     | Noticed Sonja
 15704 | D:11     | Noticed a sun demon
 16063 | D:11     | Identified the +1 robe of the Stallion {MR+}
 16459 | D:11     | Noticed Urug
 16567 | D:10     | Killed Urug
 16567 | D:10     | Reached skill level 15 in Spellcasting
 16854 | D:11     | Found Xenkurchirr's Book Shoppe.
 16915 | D:11     | Identified the cursed +0 hat "Kaiggum" {Harm rCorr Dex-3
                  | SInv} (You bought it in a shop on level 10 of the Dungeon)
 16916 | D:11     | Bought a book of Burglary for 975 gold pieces
 16920 | D:11     | Learned a level 2 spell: Swiftness
 16925 | D:11     | Learned a level 4 spell: Passage of Golubria
 17017 | D:11     | You fall into a shaft and drop 2 floors!
 17038 | D:13     | Found the +7 mace of Variability {chain chaos}
 17055 | D:13     | Noticed Frances
 17176 | D:12     | Found a gate leading to a gauntlet.
 17182 | Gauntlet | Entered a Gauntlet
 17182 | Gauntlet | Found a transporter.
 17182 | Gauntlet | Found a transporter.
 17182 | Gauntlet | Found a transporter.
 17182 | Gauntlet | Noticed a necromancer
 17307 | Gauntlet | Found a transporter.
 17319 | Gauntlet | Found a transporter.
 17321 | Gauntlet | Found a transporter.
 17337 | Gauntlet | Found a transporter.
 17348 | Gauntlet | Noticed a sixfirhy
 17348 | Gauntlet | Noticed a sixfirhy
 17355 | Gauntlet | Found a transporter.
 17360 | Gauntlet | Noticed a sixfirhy
 17361 | Gauntlet | Noticed a sixfirhy
 17369 | Gauntlet | Found a transporter.
 17373 | Gauntlet | Found a transporter.
 17374 | Gauntlet | Noticed an entropy weaver
 17383 | Gauntlet | Found a transporter.
 17387 | Gauntlet | Found a transporter.
 17755 | Gauntlet | Got a pair of brightly glowing gloves
 17775 | Gauntlet | Killed an entropy weaver
 17904 | Gauntlet | Acquired 780 gold pieces
 17926 | Gauntlet | Identified the +2 pair of gloves "Kuepugao" {rC+ Regen+}
                  | (You found it in a Gauntlet)
 17992 | Gauntlet | Killed a sixfirhy
 17992 | Gauntlet | Killed a sixfirhy
 17995 | Gauntlet | Killed a sixfirhy
 17995 | Gauntlet | Reached skill level 5 in Translocations
 18009 | Gauntlet | Identified the Papyrus of Hurtful Summoning
 18019 | Gauntlet | Killed a sixfirhy
 18019 | Gauntlet | Reached skill level 5 in Stealth
 18023 | Gauntlet | Got a pitted steel ring
 18051 | Gauntlet | Identified the ring "Siqiot" {rCorr Slay+2} (You found it
                  | in a Gauntlet)
 18060 | Gauntlet | Learned a level 5 spell: Fireball
 18126 | Gauntlet | Noticed a minotaur
 18132 | Gauntlet | Killed a minotaur
 18158 | Gauntlet | Identified the Catalogue of Supportive Evil
 18159 | Gauntlet | Got a smoking turquoise ring
 18168 | Gauntlet | Identified the ring "Omamnas" {+Fly rElec rF+ Slay-4 SInv}
                  | (You found it in a Gauntlet)
 18418 | D:11     | Found a staircase to the Orcish Mines.
 19042 | D:10     | Killed Sonja
 19042 | D:10     | Reached XP level 12. HP: 50/59 MP: 22/33
 19204 | D:6      | Killed Prince Ribbit
 19291 | D:5      | Killed Gaxx's ghost
 19314 | D:4      | Killed Menkaure
 19638 | D:11     | Bought a scroll of identify for 26 gold pieces
 19638 | D:11     | Bought a scroll of identify for 26 gold pieces
 19638 | D:11     | Bought a scroll of identify for 26 gold pieces
 19640 | D:11     | Bought a wand of acid (6) for 320 gold pieces
 19746 | Lair:1   | Entered Level 1 of the Lair of Beasts
 20085 | Lair:1   | Reached skill level 16 in Spellcasting
 21166 | Lair:2   | Reached skill level 5 in Fire Magic
 21939 | Lair:3   | Noticed Rupert
 22209 | Lair:3   | Reached skill level 17 in Spellcasting
 22474 | Lair:3   | Noticed a seven-headed hydra
 22478 | Lair:3   | Killed a seven-headed hydra
 22800 | Lair:3   | Killed Rupert
 23042 | Lair:3   | Found a staircase to the Shoals.
 23293 | Lair:4   | Reached XP level 13. HP: 63/63 MP: 25/36
 23561 | Lair:4   | Found a staircase to the Snake Pit.
 24412 | Lair:5   | Reached skill level 18 in Spellcasting
 24768 | Lair:5   | Found a staircase to the Slime Pits.
 24768 | Lair:5   | Found a viscous altar of Jiyva.
 24782 | Lair:5   | Got a twisted cloak
 24793 | Lair:5   | Identified the +0 cloak of Purpose {rF- Dex+7} (You found
                  | it on level 5 of the Lair of Beasts)
 25421 | Lair:6   | Entered Level 6 of the Lair of Beasts
 26584 | Lair:6   | Reached skill level 19 in Spellcasting
 26775 | Lair:6   | Reached XP level 14. HP: 68/68 MP: 6/39
 28168 | Lair:6   | Found a burning altar of Makhleb.
 28177 | Lair:6   | Found a gateway to Hell.
 28575 | D:11     | Bought a crude cloak for 190 gold pieces
 28585 | D:11     | Identified the cursed +0 cloak "Reoxt" {Harm rElec rPois
                  | MP+9} (You bought it in a shop on level 11 of the Dungeon)
 28615 | D:11     | Bought a pair of embroidered boots for 150 gold pieces
 28615 | D:11     | Bought a pair of glowing gloves for 150 gold pieces
 28615 | D:11     | Bought a pair of embroidered gloves for 150 gold pieces
 28625 | D:11     | Identified a +2 pair of boots of running (You bought it in
                  | a shop on level 11 of the Dungeon)
 28676 | D:11     | Bought a wand of iceblast (9) for 208 gold pieces
 28686 | D:11     | Learned a level 5 spell: Iskenderun's Battlesphere
 28694 | D:11     | Learned a level 6 spell: Iron Shot
 28717 | Orc:1    | Entered Level 1 of the Orcish Mines
 28717 | Orc:1    | Found Wimufeom's Jewellery Boutique.
 28723 | Orc:1    | Slain by a warg

Illustrated notes

Levels and vault maps discovered:
D:1:      ldierk_walled_garden, layout_rooms, serial_curves, eino_curves_03,
          eino_curves_04, minmay_stone_trees_small, minmay_splitting_lines
D:2:      layout_loops_cross, nicolae_overflow_crystal_walls, first_ration
D:3:      layout_basic, nicolae_gozag_cash_rules_everything_around_me,
          minmay_fractal_squares_diagonal_5
D:4:      gammafunk_cloud_chamber, layout_basic, lemuel_round_altar,
          minmay_temple_entry_glassed_door, uniq_menkaure
D:5:      layout_basic, ebering_ghost_rock_garden, vehumet_altar_wand_db
D:6:      layout_basic, lemuel_doored_altar, portal_sewer_entry_a,
          uniq_prince_ribbit1, uniq_eustachio, uniq_pikel, uniq_grinder
D:7:      layout_layer_cave, lemuel_crystal_altar, uniq_duvessa
D:8:      layout_cave_pools, yredelemnul_altar_generic, the_bakery, uniq_harold
D:9:      layout_roguey, marbit_many_paths, minmay_lair_entry_grove,
          serial_shops, nicolae_shop_competitors_out_of_business, uniq_joseph
D:10:     layout_roguey, serial_shops, shop, serial_bayou_pond_c,
          grunt_ministairs_7
D:11:     layout_cave_pools, hiddenorc1_lemuel, serial_shops,
          kennysheep_mini_moat, serial_park_tiny_1, uniq_sonja, uniq_urug
D:12:     layout_long_grid, enter_bailey_2, gauntlet_entry_generic,
          st_stairs_11, nooodl_food_tri
D:13:     layout_long_grid, minmay_guarded_unrand_variability, uniq_frances
Lair:1:   minmay_lair_venomous_thicket, layout_regular_city
Lair:2:   layout_big_grid, grunt_forest_stairs_clearing, serial_bayou_shore_a,
          grunt_megastairs_2
Lair:3:   layout_roguey, elwin_shoals_entry_rooms, uniq_rupert
Lair:4:   layout_big_grid, dummy_snake_entry, grunt_megastairs_3,
          lemuel_fruit_tree
Lair:5:   layout_gridlike, slime_altar_1, st_stairs_8, minmay_lair_oklob_chamber
Lair:6:   evil_forest, layout_regular_city
Orc:1:    layout_caves, basic_altar, serial_shops, nicolae_shop_trees, shop,
          hangedman_minor_magic

Skill      XL: |  1  2  3  4  5  6  7  8  9 10 11 12 13 |
---------------+----------------------------------------+-----
Spellcasting   | 5 6 7 9 11 12 14 15 17 19 | 19.3
Conjurations   | 2 3 4 5 7 9 10 11 12 13 | 13.9
Air Magic      | 1 2 |  2.9
Stealth        | 3 4 5 |  5.6
Fire Magic     | 1 2 3 6 9 |  9.3
Poison Magic   | 1 2 3 |  3.7
Dodging        | 3 4 6 |  6.9
Evocations     | 1 2 3 4 |  4.8
Translocations | 3 5 6 |  6.8
Charms         | 4 |  4.2
Summonings     | |  1.1
Earth Magic    | |  0.3

Action                   |  1- 3 |  4- 6 |  7- 9 | 10-12 | 13-15 || total
-------------------------+-------+-------+-------+-------+-------++-------
Melee: Staff             |       |       |       |     7 |       ||     7
 Cast: Magic Dart        |   108 |   165 |   437 |   621 |    60 ||  1391
       Conjure Flame     |       |     5 |    12 |    44 |     5 ||    66
       Mephitic Cloud    |       |     3 |     9 |    23 |       ||    35
       Blink             |       |     2 |     7 |    40 |    24 ||    73
       Fireball          |       |       |       |    77 |   123 ||   200
       Swiftness         |       |       |       |     3 |       ||     3
       Passage of Golubr |       |       |       |     3 |       ||     3
Invok: Potion Petition   |       |       |       |     1 |       ||     1
       Call Merchant     |       |       |       |     2 |     1 ||     3
Evoke: Wand              |       |       |    28 |    35 |    13 ||    76
  Use: Scroll            |       |       |    10 |    16 |     7 ||    33
       Potion            |       |       |       |     4 |       ||     4
  Eat: Chunk             |     2 |     3 |       |       |       ||     5
       Ration            |       |     2 |     5 |    11 |     5 ||    23
Armor: Robe              |     2 |     6 |    23 |    34 |    26 ||    91
       Skin              |       |       |       |    22 |       ||    22
Dodge: Dodged            |    16 |    31 |   147 |   210 |    47 ||   451
